 Dungeon Crawl Stone Soup version 0.31.0-11-ge490571c62 (webtiles) character file.

Game seed: 3664400829812810176

267824 bobo the Warrior (level 19, -3/184 HPs)
             Began as a Minotaur Fighter on Jan 26, 2024.
             Was the Champion of the Shining One.
             Killed from afar by an ironbound thunderhulk (49 damage)
             ... with a bolt of lightning
             ... led by a vault warden
             ... on level 4 of the Vaults on Feb 1, 2024.
             The game lasted 02:32:53 (46373 turns).

bobo the Warrior (Minotaur Fighter)                Turns: 46373, Time: 02:32:54

Health: -3/184     AC: 27    Str: 32    XL:     19   Next: 36%
Magic:  28/28      EV: 17    Int:  7    God:    the Shining One [******]
Gold:   2356       SH: 16    Dex: 10    Spells: 18/18 levels left

rFire   + + .        W - +6 trishula (holy)
rCold   + . .        X - +2 kite shield {reflect}
rNeg    + + +        I - +3 plate armour {rF+}
rPois   .            k - +0 hat {Stlth+}
rElec   .            c - scarf {rC+ rF+}
rCorr   .            l - +2 pair of gloves {Str+3}
SInv    .            H - +2 pair of boots of Daroakhle {Rampage}
Will    +++..        v - amulet "Giun" {Faith Fly Will++ Int-4 Stlth+} Stlth
                     s - ring "Yloafa" {rC+ Str+2 Int+4}
HPRegen 0.50/turn    R - +5 ring of evasion
MPRegen 0.21/turn

%: reflection, rampage, faith
@: about to teleport, flying, glowing
A: horns 2, retaliatory headbutt, cold vulnerability 1
}: 2/15 runes: barnacled, gossamer
a: Renounce Religion, Divine Shield, Cleansing Flame, Summon Divine Warrior


You were on level 4 of the Vaults.
You worshipped the Shining One.
The Shining One was exalted by your worship.
You visited 9 branches of the dungeon, and saw 36 of its levels.
You also visited: Bailey.

You collected 2667 gold pieces.
You spent 311 gold pieces at shops.

Inventory:

Hand Weapons
 a - a +7 trident of flaming
 W - a +6 trishula of holy wrath (weapon)
Missiles
 o - 28 javelins
 w - 7 silver javelins
 z - 3 curare-tipped darts
 B - 7 boomerangs (quivered)
 K - 3 throwing nets
Armour
 c - a scarf of resistance (worn)
 k - a +0 hat of stealth (worn)
 l - a +2 pair of gloves of strength (worn)
 H - the +2 pair of boots of Daroakhle (worn) {Rampage}
   (You found it on level 10 of the Dungeon)

   Rampage:   It bestows one free step when moving towards enemies.
 I - a +3 plate armour of fire resistance (worn)
 L - a +0 cloak of preservation
 X - a +2 kite shield of reflection (worn)
Jewellery
 s - the ring "Yloafa" (left hand) {rC+ Str+2 Int+4}
   (You took it off an ironbound convoker on level 1 of the Vaults)

   [ring of protection from cold]

   Str+2:     It affects your strength (+2).
   Int+4:     It affects your intelligence (+4).
   rC+:       It protects you from cold.
 t - a ring of resist corrosion
 v - the amulet "Giun" (around neck) {Faith Fly Will++ Int-4 Stlth+}
   (You acquired it on level 11 of the Dungeon)

   [amulet of faith]

   Faith:     It allows you to gain divine favour quickly.
   Int-4:     It affects your intelligence (-4).
   Will++:    It greatly increases your willpower.
   Fly:       It grants you flight.
   Stlth+:    It makes you more stealthy.
 F - a ring of poison resistance
 P - the ring of Reneff {Fly Will+}
   (You found it on level 1 of the Vaults)

   [ring of flight]

   Will+:     It increases your willpower.
   Fly:       It grants you flight.
 R - a +5 ring of evasion (right hand)
Wands
 i - a wand of flame (28)
 x - a wand of quicksilver (26)
 y - a wand of digging (5)
 Q - a wand of paralysis (2)
 Y - a wand of iceblast (4)
Scrolls
 b - a scroll of brand weapon
 d - 5 scrolls of teleportation
 g - 5 scrolls of amnesia
 h - 4 scrolls of enchant armour
 m - 6 scrolls of blinking
 n - 8 scrolls of revelation
 p - 5 scrolls of poison
 T - 2 scrolls of silence
 V - 5 scrolls of fear
Potions
 f - 5 potions of enlightenment
 q - 6 potions of ambrosia
 r - 2 potions of heal wounds
 u - a potion of haste
 A - 2 potions of resistance
 D - 5 potions of mutation
 G - 3 potions of magic
 J - 4 potions of cancellation
 M - a potion of attraction
 O - 3 potions of brilliance
 U - 2 potions of curing
Miscellaneous
 e - a lightning rod (4/4)
 C - a sack of spiders
 N - a phial of floods


   Skills:
 + Level 19.8 Fighting
 + Level 16.9 Polearms
 - Level 10.1 Throwing
 + Level 15.9 Armour
 + Level 13.9 Dodging
 + Level 19.0 Shields
 + Level 13.7 Invocations
 - Level 0.4 Evocations


You had 18 spell levels left.
You didn't know any spells.
Your spell library contained the following spells:

 Spells                   Type           Power      Damage    Failure   Level
 Apportation              Tloc           0%         N/A       95%         1
 Magic Dart               Conj           0%         1d3       95%         1
 Necrotise                Necr           0%         1d4       95%         1
 Sting                    Conj/Alch      0%         1d3       95%         1
 Summon Small Mammal      Summ           0%         N/A       95%         1
 Blink                    Tloc           0%         N/A       99%         2
 Call Imp                 Summ           0%         N/A       99%         2
 Cigotuvi's Dreadful Rot  Necr/Alch/Air  0%         N/A       99%         2
 Lesser Beckoning         Tloc           0%         N/A       99%         2
 Scorch                   Fire           0%         2d5       99%         2
 Gell's Gravitas          Tloc           0%         N/A       100%        3
 Inner Flame              Hex/Fire       0%         N/A       100%        3
 Teleport Other           Tloc           0%         N/A       100%        3
 Tukima's Dance           Hex            0%         N/A       100%        3
 Brom's Barrelling Bould  Conj/Erth      0%         2d3       100%        4
 Dimensional Bullseye     Hex/Tloc       0%         N/A       100%        4
 Ignite Poison            Fire/Alch      0%         N/A       100%        4
 Iskenderun's Mystic Bla  Conj/Tloc      0%         2d3       100%        4
 Leda's Liquefaction      Alch/Erth      0%         N/A       100%        4
 Vhi's Electric Charge    Tloc/Air       0%         N/A       100%        4
 Arcjolt                  Conj/Air       0%         1d10      100%        5
 Fireball                 Conj/Fire      0%         3d3       100%        5
 Freezing Cloud           Conj/Ice/Air   0%         6-21      100%        5
 Irradiate                Conj/Alch      0%         3d11      100%        5
 Iskenderun's Battlesphe  Conj           0%         2d6       100%        5
 Lee's Rapid Deconstruct  Erth           0%         3d4*      100%        5
 Summon Forest            Summ/Tloc      0%         N/A       100%        5
 Bombard                  Conj/Erth      0%         9d1       100%        6
 Conjure Ball Lightning   Conj/Air       0%         3x3d6     100%        6
 Eringya's Noxious Bog    Alch           0%         4d6       100%        6
 Orb of Destruction       Conj           0%         9d5       100%        7
 Summon Hydra             Summ           0%         N/A       100%        7
 Ignition                 Fire           0%         3d3       100%        8
 Maxwell's Capacitive Co  Air            0%         ∞         100%        8


Dungeon Overview and Level Annotations

Branches:
Dungeon (15/15)            Temple (1/1) D:7            Lair (5/5) D:11
 Shoals (4/4) Lair:2       Spider (4/4) Lair:2        Slime (0/5) Lair:5
    Orc (2/2) D:11            Elf (1/3) Orc:2        Vaults (2/5) D:13
 Depths (1/4) D:15         Bailey (visited)
  Crypt: Vaults:2-3

Altars:
Ashenzari
Cheibriados
Dithmenos
Elyvilon
Fedhas
Gozag
Hepliaklqana
Kikubaaqudgha
Makhleb
Nemelex Xobeh
Okawaru
Qazlal
Ru
Sif Muna
Trog
Uskayaw
Vehumet
Wu Jian
Xom
Yredelemnul
Zin
The Shining One
Jiyva

Shops:
D:12 (   Orc:1 (!   Orc:2 [(?!   Shoals:1 [   Shoals:3 =   Vaults:1 [

Portals:
Abyss: Lair:1

Annotations:
D:8 1 runed translucent door, LoggersVIII's ghost, novice OpEE
Lair:1 2 transporters, Dablutiw's ghost, journeyman DECj


Innate Abilities, Weirdness & Mutations

You have a pair of horns on your head.
You reflexively headbutt those who attack you in melee.
You are vulnerable to cold. (rC-)


Message History

The bolt of lightning hits you!!!
* * * LOW HITPOINT WARNING * * *
The vault warden closely misses your angel.
You are too injured to fight recklessly!
You are too injured to fight recklessly!
Okay, then.
You feel much better.
Your angel hits the vault warden but does no damage.
Your angel hits the vault warden with a +3 whip of holy wrath!
Your angel hits the vault warden with a +3 whip of holy wrath. x2
A vault guard comes into view. It is wielding a +0 bardiche.
Electricity crackles from the ironbound thunderhulk's apparatus.
The bolt of lightning hits you!!
* * * LOW HITPOINT WARNING * * *
The vault warden misses your angel.
Your angel hits the vault warden with a +3 whip of holy wrath. x2
The vault warden hits your angel with a +3 dire flail!
Your angel hits the vault warden with a +3 whip of holy wrath!!
Your angel hits the vault warden with a +3 whip of holy wrath. x2
Your angel hits the vault warden but does no damage.
The vault warden hits your angel with a +3 dire flail!!
As you read the scroll of teleportation, it crumbles to dust.
You feel strangely unstable.
Your angel hits the vault warden with a +3 whip of holy wrath!!
Your angel hits the vault warden with a +3 whip of holy wrath!
The ironbound convoker casts a spell at the vault guard.
The vault guard seems to grow stronger.
The vault warden hits your angel with a +3 dire flail!!
Your angel hits the vault warden but does no damage. x2
Your angel closely misses the vault warden.
Your angel hits the vault warden with a +3 whip of holy wrath.
Electricity crackles from the ironbound thunderhulk's apparatus.
The bolt of lightning hits you!!! The Shining One protects you from harm!
The vault warden misses your angel.
Your angel gestures.
Your angel is healed somewhat.
Electricity crackles from the ironbound thunderhulk's apparatus.
The bolt of lightning hits you!!!
You die...

#...+ +...# ###...###
.#...+. ))..# #[..#
##)##########
#.).).......#
#..)@.......#
#..)........#
#...........'
#.....[.....#
#...........#
#OpA........# ##+#####
#.p.........# #......#
#p.$........#
#......######'###########


You could see a vault warden (distracted, ally target), an ironbound
thunderhulk, 2 vault guards and a friendly angel (summoned).

Vanquished Creatures
  Mara (Vaults:2)
  Boris (Vaults:4)
  Saint Roka (Orc:2)
  Arachne (Spider:3)
  2 sphinxes
  Polyphemus (Shoals:2)
  Aizul (Spider:4)
  2 krakens
  Ilsuiw (Shoals:4)
  A fire giant (D:15)
  3 emperor scorpions
  5 vault wardens
  4 ironbound preservers
  5 ghost moths
  2 formless jellyfish
  An ironbound thunderhulk (Vaults:1)
  Nessos (D:13)
  A deep elf annihilator (Elf:1)
  4 dire elephants (Lair:5)
  2 spark wasps
  2 entropy weavers
  Snorg (D:10)
  4 merfolk javelineers (Shoals:4)
  A spectral kraken (Shoals:2)
  5 merfolk impalers
  2 yaktaur captains
  Harold (D:9)
  4 great orbs of eyes (Vaults:1)
  Erolcha (D:10)
  2 vault guards (Vaults:4)
  3 ghost crabs (Shoals:2)
  2 jorogumos
  2 catoblepae
  An ironbound frostheart (Vaults:4)
  2 merfolk avatars
  15 centaur warriors
  3 radroaches (Spider:2)
  A satyr (Shoals:3)
  7 boulder beetles
  13 hydras
  An alligator snapping turtle (Shoals:4)
  6 merfolk aquamancers
  Erica (D:10)
  A dancing weapon (Elf:1)
  8 death yaks
  An occultist (D:14)
  2 tengu warriors
  2 demonic crawlers
  2 spectral death yaks (Lair:5)
  Sonja (Orc:2)
  A deep elf knight (D:14)
  4 skeletal warriors (D:15)
  4 pharaoh ants
  A spectral anaconda (Lair:5)
  10 sea snakes
  13 orb spiders
  11 deep trolls
  3 arcanists
  An obsidian statue (Lair:5)
  A deep elf archer (Elf:1)
  3 spectral merfolk (Shoals:2)
  6 steelbarb worms
  A harpy (shapeshifter) (D:14)
  14 harpies
  7 deep elf pyromancers
  3 necromancers (Lair:5)
  11 ironbound convokers
  3 orc knights
  4 lindwurms
  2 deep elf zephyrmancers (Elf:1)
  16 ugly things
  23 wolf spiders
  9 fauns
  15 manticores
  4 orc sorcerers
  4 elephants (Lair:5)
  Maurice (D:11)
  5 cyclopes
  3 moths of wrath
  6 meliai
  5 vault sentinels
  9 kobold blastminers
  5 merfolk sirens
  Joseph (D:8)
  7 water nymphs
  10 black mambas
  5 torpor snails
  2 gargoyles
  2 unseen horrors
  15 cane toads
  2 dire elephant skeletons (Lair:5)
  2 efreet
  12 komodo dragons
  A rime drake (Lair:4)
  20 yaktaurs
  4 kobold demonologists
  3 tengu conjurers
  Psyche (D:10)
  20 merfolk
  A spectral water nymph (Shoals:2)
  7 trolls
  A blink frog (shapeshifter) (D:14)
  2 polar bears (Lair:4)
  26 blink frogs
  20 tarantellas
  18 dream sheep
  4 wind drakes
  8 snapping turtles
  A centaur simulacrum (D:14)
  29 jumping spiders
  3 shadows
  35 yaks
  A vampire (D:10)
  2 air elementals (Elf:1)
  16 slime creatures
  Sigmund (D:3)
  14 culicivoras
  A spectral wind drake (Shoals:2)
  6 water elementals
  4 wraiths
  5 wyverns
  A hog (D:12)
  A warg (Elf:1)
  2 death yak simulacra (Lair:5)
  2 steam dragons
  3 basilisks
  41 redbacks
  3 vampire mosquitoes (D:12)
  4 acid dragons
  17 water moccasins
  3 elephant zombies (Lair:5)
  A sky beast (D:7)
  38 orc warriors
  A laughing skull (D:14)
  3 black bears
  An ice beast (D:5)
  6 ogres
  12 centaurs
  8 boggarts
  23 wolves
  5 kobold brigands
  A phantom (D:5)
  4 gnoll sergeants
  16 bullfrogs
  4 two-headed ogre simulacra (Orc:2)
  A scorpion (D:3)
  3 cane toad simulacra
  9 wights
  An elephant simulacrum (Lair:5)
  10 killer bees
  2 electric eels
  5 howler monkeys
  A bombardier beetle (D:5)
  2 hounds (D:5)
  12 jellies
  22 orc priests
  A gnoll bouda (Lair:3)
  An iguana (D:5)
  17 orc wizards
  2 troll simulacra (Orc:2)
  20 gnolls
  9 adders
  A naga simulacrum (Orc:2)
  3 white imps
  7 dart slugs
  A ribbon worm (D:5)
  98 orcs
  A bat (D:2)
  7 endoplasms
  6 giant cockroaches
  7 hobgoblins
  25 kobolds
  2 quokkas
  10 ball pythons
  2 frilled lizards
  4 goblins
  8 rats
  3 butterflies
  6 tentacles
1166 creatures vanquished.

Vanquished Creatures (collateral kills)
  Rupert (D:13)
  A kraken (Shoals:4)
  Donald (Shoals:4)
  An emperor scorpion (Spider:3)
  An ironbound preserver (D:13)
  A spark wasp (Spider:2)
  A fire dragon (D:15)
  An entropy weaver (Spider:2)
  A yaktaur captain (Vaults:4)
  An ogre mage (D:15)
  A vault guard (Vaults:4)
  An ironbound frostheart (Vaults:4)
  2 centaur warriors (D:13)
  A demonic crawler (Spider:2)
  3 two-headed ogres (D:15)
  A wolf spider (Spider:4)
  A meliai (Spider:1)
  A manticore (Shoals:4)
  3 yaktaurs (Vaults:4)
  A merfolk (Shoals:4)
  A queen bee (Spider:1)
  5 hornets (Spider:4)
  A tarantella (Spider:4)
  A jumping spider (Spider:4)
  A culicivora (Spider:4)
  6 redbacks
  2 vampire mosquitoes (D:13)
  8 killer bees (Spider:1)
50 creatures vanquished.

Vanquished Creatures (others)
  A merfolk aquamancer (Shoals:4)
  A pharaoh ant (Spider:4)
  A redback (Spider:4)
  A gnoll (D:8)
  28 tentacles
32 creatures vanquished.

Grand Total: 1248 creatures vanquished

Notes
Turn   | Place    | Note
-------+----------+-------------------------------------------
     0 | D:1      | bobo the Minotaur Fighter began the quest for the Orb.
     0 | D:1      | Reached XP level 1. HP: 19/19 MP: 0/0
   203 | D:1      | Reached XP level 2. HP: 27/27 MP: 1/1
   476 | D:1      | Found a faded altar of an unknown god.
   482 | D:1      | Reached XP level 3. HP: 33/33 MP: 2/2
   497 | D:1      | Prayed at the altar of an unknown god.
   497 | D:1      | Became a worshipper of Vehumet
   497 | D:1      | Reached * piety under Vehumet
   497 | D:1      | Offered knowledge of Magic Dart by Vehumet.
   933 | D:2      | Reached XP level 4. HP: 41/41 MP: 3/3
  1510 | D:3      | Noticed Sigmund
  1530 | D:3      | Killed Sigmund
  1531 | D:3      | Reached skill level 5 in Fighting
  1531 | D:3      | Reached skill level 5 in Polearms
  1531 | D:3      | Reached skill level 5 in Shields
  1531 | D:3      | Reached XP level 5. HP: 19/48 MP: 4/4
  1814 | D:3      | Reached XP level 6. HP: 51/56 MP: 5/5
  2218 | D:4      | Reached ** piety under Vehumet
  2218 | D:4      | Offered knowledge of Scorch by Vehumet.
  2245 | D:4      | Learned a level 2 spell: Scorch
  2685 | D:4      | Found a blossoming altar of Fedhas.
  2695 | D:4      | Fell from the grace of Vehumet
  2725 | D:5      | Entered Level 5 of the Dungeon
  3040 | D:5      | Reached XP level 7. HP: 62/62 MP: 6/6
  3569 | D:5      | Reached XP level 8. HP: 69/71 MP: 7/7
  3618 | D:6      | Reached skill level 5 in Armour
  4675 | D:7      | Reached skill level 1 in Throwing
  4695 | D:7      | Found a staircase to the Ecumenical Temple.
  4808 | Temple   | Entered the Ecumenical Temple
  4815 | Temple   | Became a worshipper of the Shining One
  4856 | D:7      | Found a flagged portal.
  4865 | Bailey   | Entered a bailey
  5847 | Bailey   | Reached XP level 9. HP: 40/81 MP: 8/8
  5931 | Bailey   | HP: 4/81 [orc warrior/+0 halberd (8)]
  6597 | Bailey   | Was forgiven by Vehumet
  7919 | Bailey   | Reached skill level 10 in Polearms
  7919 | Bailey   | Reached skill level 5 in Throwing
  8794 | D:6      | Noticed an unseen horror
  8803 | D:6      | Killed an unseen horror
  8844 | D:6      | Reached * piety under the Shining One
  8845 | D:6      | Reached XP level 10. HP: 89/93 MP: 9/9
  9223 | D:6      | Reached skill level 10 in Fighting
  9223 | D:6      | Reached skill level 1 in Invocations
  9609 | D:8      | Found a runed translucent door.
  9609 | D:8      | Noticed LoggersVIII's ghost (novice OpEE)
  9645 | D:8      | Noticed Joseph
  9669 | D:8      | Killed Joseph
 10696 | D:9      | Reached ** piety under the Shining One
 11107 | D:9      | Noticed Harold
 11116 | D:9      | Killed Harold
 11307 | D:9      | Found a shimmering altar of Xom.
 11308 | D:9      | Found a shimmering blue altar of Sif Muna.
 11746 | D:10     | Entered Level 10 of the Dungeon
 11911 | D:10     | Identified the +2 pair of boots of Daroakhle {Rampage}
 11965 | D:10     | Noticed Psyche
 11971 | D:10     | Killed Psyche
 12110 | D:10     | Noticed Snorg
 12120 | D:10     | Killed Snorg
 12121 | D:10     | Reached XP level 11. HP: 42/102 MP: 11/13
 12516 | D:10     | Noticed Erica
 12526 | D:10     | Killed Erica
 12615 | D:10     | Noticed Erolcha
 12621 | D:10     | Killed Erolcha
 12703 | D:10     | Noticed a deep troll
 12722 | D:10     | Killed a deep troll
 13289 | D:11     | Found a staircase to the Lair.
 13295 | Lair:1   | Entered Level 1 of the Lair of Beasts
 13301 | Lair:1   | Noticed a death yak
 13301 | Lair:1   | Noticed a death yak
 13304 | Lair:1   | Noticed a death yak
 13323 | D:11     | Found a staircase to the Orcish Mines.
 13397 | D:11     | Identified a scroll of acquirement
 13397 | D:11     | Acquired the amulet "Giun" {Faith Fly Will++ Int-4 Stlth+}
 13637 | D:11     | Reached *** piety under the Shining One
 13638 | D:11     | Reached skill level 10 in Shields
 13638 | D:11     | Reached skill level 5 in Invocations
 13876 | D:11     | Noticed Maurice
 13885 | D:11     | Maurice stole a ring of willpower
 13887 | D:11     | Maurice stole 6 silver javelins
 13894 | D:11     | Killed Maurice
 14155 | D:12     | Noticed a tengu warrior
 14210 | Orc:1    | Entered Level 1 of the Orcish Mines
 14229 | D:11     | HP: 4/104 [orc warrior/+0 war axe of venom (11)]
 14576 | Orc:1    | Found Iwoseor's Distillery.
 14651 | Orc:1    | Noticed an orc sorcerer
 14660 | Orc:1    | Killed an orc sorcerer
 14694 | Orc:1    | Found Dokkimp's Weapon Boutique.
 14748 | Orc:2    | Entered Level 2 of the Orcish Mines
 14748 | Orc:2    | Noticed an orc sorcerer
 14773 | Lair:1   | Noticed a death yak
 14786 | D:11     | Killed a death yak
 14795 | D:11     | Killed a death yak
 14796 | D:11     | Reached XP level 12. HP: 60/112 MP: 12/15
 14953 | Lair:1   | Killed a death yak
 14959 | Lair:1   | Killed a death yak
 15266 | Lair:1   | Found a transporter.
 15269 | Lair:1   | Found a transporter.
 15269 | Lair:1   | Noticed a hell hog
 15427 | Lair:1   | Reached **** piety under the Shining One
 16270 | Lair:1   | Found a one-way gate to the infinite horrors of the Abyss.
 16270 | Lair:1   | Noticed Dablutiw's ghost (journeyman DECj)
 16555 | Lair:2   | Found a basalt altar of Yredelemnul.
 16588 | Lair:2   | Found a hole to the Spider Nest.
 16605 | Lair:2   | Found a staircase to the Shoals.
 17460 | Lair:3   | Reached XP level 13. HP: 88/122 MP: 17/17
 18832 | Lair:4   | Reached skill level 10 in Throwing
 19485 | Lair:4   | Reached skill level 1 in Dodging
 19617 | Lair:4   | Reached ***** piety under the Shining One
 19935 | Orc:2    | Noticed Sonja
 19956 | Orc:2    | Killed Sonja
 20388 | Orc:2    | Found Taahips's Distillery.
 20393 | Orc:2    | Bought a potion of mutation for 112 gold pieces
 20451 | Orc:2    | Found a staircase to the Elven Halls.
 20799 | Orc:2    | Noticed Saint Roka
 20830 | Orc:2    | Killed Saint Roka
 21069 | Orc:2    | Reached XP level 14. HP: 119/133 MP: 16/19
 21111 | Orc:2    | Found Vintemil's Antique Weapon Emporium.
 21115 | Orc:2    | Found Zuozxir's Antique Armour Shoppe.
 21236 | Orc:2    | Reached ****** piety under the Shining One
 21636 | Orc:2    | Found Jabonn's Magic Scroll Shoppe.
 21662 | Orc:2    | Bought a scroll of identify for 28 gold pieces
 21663 | Orc:2    | Bought a scroll of identify for 28 gold pieces
 21818 | Lair:5   | Entered Level 5 of the Lair of Beasts
 22101 | Lair:4   | Reached skill level 5 in Dodging
 22485 | Lair:4   | Reached skill level 15 in Fighting
 22802 | Lair:5   | Reached skill level 10 in Invocations
 23224 | Lair:5   | Found a staircase to the Slime Pits.
 23225 | Lair:5   | Found a viscous altar of Jiyva.
 24374 | Lair:5   | Reached XP level 15. HP: 94/141 MP: 21/21
 24814 | Lair:5   | Identified the amulet of Uleil {RegenMP Int+3}
 25110 | Shoals:1 | Entered Level 1 of the Shoals
 25179 | Spider:1 | Entered Level 1 of the Spider Nest
 25873 | Spider:1 | Reached skill level 10 in Armour
 26254 | Spider:1 | Reached skill level 15 in Shields
 27448 | Spider:2 | Noticed an emperor scorpion
 27798 | D:12     | Found Adablyoc's Weapon Boutique.
 28460 | D:13     | Noticed Nessos
 28474 | D:13     | Killed Nessos
 28836 | D:13     | Noticed Rupert
 28849 | D:13     | Killed Rupert
 28930 | D:13     | Found a gate to the Vaults.
 29787 | D:14     | Reached XP level 16. HP: 113/152 MP: 23/23
 30133 | D:14     | Identified the blade talisman of the Hurricane {Will+}
 30526 | D:15     | Entered Level 15 of the Dungeon
 30730 | D:15     | Found a staircase to the Depths.
 31298 | D:15     | Reached skill level 10 in Dodging
 31448 | D:15     | Found a stormy altar of Qazlal.
 31685 | Depths:1 | Entered Level 1 of the Depths
 31843 | Elf:1    | Entered Level 1 of the Elven Halls
 32101 | Elf:1    | Found a radiant altar of Vehumet.
 32107 | Elf:1    | Paralysed by an air elemental for 1 turns
 32114 | Elf:1    | Paralysed by an air elemental for 1 turns
 32121 | Elf:1    | Paralysed by an air elemental for 1 turns
 32125 | Elf:1    | Paralysed by an air elemental for 1 turns
 32128 | Elf:1    | Paralysed by an air elemental for 1 turns
 32131 | Elf:1    | Paralysed by an air elemental for 1 turns
 32135 | Elf:1    | Paralysed by an air elemental for 1 turns
 32501 | Spider:1 | Was placed under penance by the Shining One
 32757 | Spider:2 | Gained mutation: You are vulnerable to cold. (rC-)
                  | [mutagenic glow]
 33660 | Shoals:1 | Found Zoughuecyu's Armour Emporium.
 33669 | Shoals:1 | Bought a +0 hat of stealth for 143 gold pieces
 34047 | Shoals:1 | Identified the +4 leather armour "Yklarea" {rF+ Str+4
                  | Dex+3}
 34576 | Shoals:2 | Noticed Polyphemus
 34635 | Shoals:2 | Killed Polyphemus
 34948 | Shoals:2 | Reached XP level 17. HP: 160/163 MP: 25/25
 36218 | Shoals:3 | Found Ykhupi's Jewellery Boutique.
 36595 | Shoals:3 | Found a sacrificial altar of Ru.
 36626 | Shoals:3 | Noticed a kraken
 36644 | Shoals:3 | Killed a kraken
 37275 | Shoals:4 | Entered Level 4 of the Shoals
 37497 | Shoals:4 | Noticed Ilsuiw
 38207 | Spider:3 | Identified the +6 short sword of Watchfulness {venom, Will+
                  | Str+4 Stlth+}
 38215 | Spider:3 | Was forgiven by the Shining One
 38570 | Shoals:4 | Reached skill level 15 in Polearms
 38583 | Shoals:4 | Killed Ilsuiw
 38882 | Shoals:4 | Noticed Donald
 38896 | Shoals:4 | Killed Donald
 39013 | Shoals:4 | Noticed a kraken
 39024 | Shoals:4 | Killed a kraken
 39156 | Shoals:4 | Noticed a kraken
 39695 | Shoals:4 | Killed a kraken
 39802 | Shoals:4 | Got a barnacled rune of Zot
 40655 | Spider:3 | Reached XP level 18. HP: 173/173 MP: 26/26
 40950 | Spider:3 | Noticed Arachne
 40966 | Spider:3 | Killed Arachne
 41638 | Spider:4 | Entered Level 4 of the Spider Nest
 41792 | Spider:4 | Identified the serpent talisman "Coxoruox" {+Blink rN+
                  | Stlth+}
 41792 | Spider:4 | Noticed Aizul
 41811 | Spider:4 | Killed Aizul
 42605 | Spider:4 | Identified a +4 trishula of holy wrath (a +2 demon trident
                  | of electrocution blessed by the Shining One)
 42605 | Spider:4 | Received a gift from the Shining One
 42983 | Spider:4 | Got a gossamer rune of Zot
 43093 | Spider:4 | Reached skill level 15 in Armour
 43496 | Vaults:1 | Entered Level 1 of the Vaults
 43827 | Vaults:1 | Identified the ring of Reneff {Fly Will+}
 43990 | Vaults:1 | Paralysed by a formless jellyfish for 1 turns
 44368 | Vaults:1 | Found Hieji's Antique Armour Boutique.
 44844 | Vaults:1 | Identified the ring "Yloafa" {rC+ Str+2 Int+4}
 45450 | Vaults:2 | Paralysed by a formless jellyfish for 1 turns
 45817 | Vaults:2 | Noticed Mara
 45818 | Vaults:2 | Noticed bobo's illusion
 45847 | Vaults:2 | Noticed bobo's illusion
 45849 | Vaults:2 | Noticed bobo's illusion
 45857 | Vaults:2 | Killed Mara
 45858 | Vaults:2 | Reached XP level 19. HP: 183/183 MP: 28/28
 45878 | Vaults:2 | You are sucked into a shaft and drop 2 floors!
 46175 | Vaults:4 | Noticed Boris
 46187 | Vaults:4 | Killed Boris
 46372 | Vaults:4 | The Shining One protects you from harm!
 46373 | Vaults:4 | Killed from afar by an ironbound thunderhulk

Illustrated notes

Levels and vault maps discovered:
D:1:      dpeg_arrival_three_bigger_balls, layout_basic,
          hellmonk_ecumenical_altar_pennies_from_heaven
D:2:      layout_loops_ring, serial_forest, infiniplex_forest_clump_medium,
          infiniplex_forest_3_way, infiniplex_forest_lined_2,
          infiniplex_forest_end_2, infiniplex_forest_straight_2,
          chequers_serial_rivers_micro_b
D:3:      layout_basic, skrybe_limestone_x, minmay_door_square, uniq_sigmund
D:4:      layout_basic, mainiacjoe_overflow_alcove_2
D:5:      layout_loops_ring
D:6:      layout_basic, minivault_23
D:7:      layout_basic, minmay_temple_entry_statues, enter_bailey_2
D:8:      layout_loops_corners, ebering_ghost_reflecting_pool, uniq_joseph
D:9:      layout_basic, gammafunk_temple_overflow_pools, serial_curves,
          eino_curves_01, eino_curves_04, uniq_harold
D:10:     dreamdust_cave_troll, layout_loops_ring, uniq_erica, uniq_snorg,
          uniq_erolcha, uniq_psyche
D:11:     layout_basic, lair_entry_dummy, orc_0_dummy, uniq_maurice
D:12:     layout_rooms, serial_shops, shop, uniq_kirke
D:13:     layout_rooms, skrybe_vaults_entry_preservation, uniq_nessos,
          uniq_rupert
D:14:     minmay_the_grid_plus [minmay_the_grid_minigrid_small,
          minmay_the_grid_garden, minmay_the_grid_armoury,
          minmay_the_grid_box_x, minmay_the_grid_prize_big_room], layout_rooms
D:15:     grunt_enter_depths_giant_problem, layout_basic,
          nicolae_qazlal_style_of_elements
Temple:   compressed_dpeg_triangle_lava_temple
Lair:1:   layout_regular_city, gammafunk_ghost_abyssal_escape,
          chequers_serial_rivers_marsh, infiniplex_staircase_pool
Lair:2:   layout_misc_corridors, nicolae_shoals_entry_roost,
          hellmonk_spider_entry_not_the_bees, basic_altar
Lair:3:   layout_regular_city, dreamdust_gnoll_shepherd,
          infiniplex_staircase_pool_2, grunt_megastairs_5
Lair:4:   nzn_winding_woodlands_large [nzn_winding_woodlands_5x5_open_star,
          nzn_winding_woodlands_5x15_concentric,
          nzn_winding_woodlands_5x5_three,
          nzn_winding_woodlands_center_pierced_h,
          nzn_winding_woodlands_15x15_five_gardens,
          nzn_winding_woodlands_center_diamonds,
          nzn_winding_woodlands_5x5_perimeter,
          nzn_winding_woodlands_5x15_crooked, nzn_winding_woodlands_5x5_cross],
          layout_regular_city, lemuel_fruit_fields
Lair:5:   due_jungle_book, layout_gridlike, nicolae_slime_entry_slimehenge,
          chequers_serial_rivers_room_b, serial_bayou_shore_b,
          lemuel_fruit_fields
Shoals:1: layout_shoals, serial_shops, shop,
          nicolae_shoals_stone_sculpture_thing
Shoals:2: layout_shoals, nicolae_shoals_spectral_cove, uniq_polyphemus
Shoals:3: layout_shoals, serial_shops, nicolae_shop_crystal,
          nicolae_shoals_circle_sea_wall, wheals_shoals_ruined_temple,
          nicolae_shoals_former_cling_halls
Shoals:4: shoals_end_hangedman, layout_shoals, shoals_ilsuiw_alternative,
          uniq_donald
Spider:1: layout_chambers, nicolae_looking_at_the_future,
          hangedman_spider_tarantella_strand
Spider:2: layout_spider_delve, nicolae_spider_some_kinda_spiderbox
Spider:3: layout_spider_delve, drop_trap, spiders_nest_spider_trap, uniq_arachne
Spider:4: spider_rune_water, uniq_aizul
Orc:1:    layout_caves, serial_shops, shop, nicolae_shop_waterfront, shop, shop,
          nicolae_shop_tiny_real_fake_doors
Orc:2:    grunt_orc_community_town_hall, layout_caves,
          grunt_orc_community_big_house_1, grunt_orc_community_big_house_2,
          grunt_orc_community_house_3, grunt_orc_community_house_3,
          grunt_orc_community_house_3, grunt_orc_community_house_1,
          grunt_orc_community_house_2, grunt_orc_community_house_2,
          portal_ice_cave_entry_ice_simulacra, blackcustard_rock_pile,
          uniq_sonja, uniq_saint_roka
Elf:1:    eino_elf_arrival_altar, layout_loops_cross, serial_shops,
          nicolae_shop_just_a_little_nook, serial_nicolae_subway,
          nicolae_sub_station_crystal, nicolae_sub_station_metal,
          nicolae_sub_station_stone, lemuel_upstairs_altar
Vaults:1: hangedman_vaults_river_flow, hangedman_vaults_stretched_pinwheel,
          nicolae_vaults_cochlea, v_rooms_5, v_rooms_1, layout_vaults_quadrants,
          serial_shops, shop
Vaults:2: vaults_room_boxed, minmay_crypt_entry_necro_gods, v_pattern_5,
          v_alt_pattern_1, ontoclasm_vaults_eye, hangedman_vaults_nodes,
          vaults_standard_mumra_lines, nicolae_vaults_network_star,
          vaults_dpeg_encased_lava, nicolae_vaults_rhombus_5,
          layout_vaults_omnicross, uniq_mara
Vaults:4: ontoclasm_vaults_bender, hangedman_vaults_slither,
          nicolae_vaults_what_the_h, grunt_vaults_trifunnel,
          nicolae_vaults_shipping_containers_7, hangedman_vaults_pinch,
          nicolae_vaults_sightless_eye, v_misc_25, nicolae_vaults_diamond_1,
          nicolae_vaults_shelves_hall, nicolae_vaults_storage_closets_1,
          layout_vaults_maze_bifur, uniq_boris, uniq_bai_suzhen
Depths:1: gammafunk_the_bubble [the_bubble_gammafunk_roulette],
          layout_gridville, grunt_hell_entry_dis_mu,
          serial_sigils_hangedman_snap, small_chamber_with_monster,
          minmay_fire_ice_demons, infiniplex_staircase_pool_lava

Skill      XL: |  1  2  3  4  5  6  7  8  9 10 11 12 13 14 15 16 17 18 19 |
---------------+----------------------------------------------------------+-----
Armour         | 4 5 7 9 11 12 14 15 | 15.9
Shields        | 4 5 6 7 8 9 10 12 13 14 15 16 17 18 19 | 19.0
Fighting       | 4 5 6 7 9 11 12 13 14 15 16 17 18 19 | 19.8
Polearms       | 3 5 6 7 8 10 11 12 13 14 15 16 | 16.9
Throwing       | 3 5 7 8 9 10 | 10.1
Invocations    | 4 6 7 9 10 11 12 13 | 13.7
Dodging        | 4 7 9 10 12 13 | 13.9
Evocations     | |  0.4

Action                     |  1- 3 |  4- 6 |  7- 9 | 10-12 | 13-15 | 16-18 | 19-21 || total
---------------------------+-------+-------+-------+-------+-------+-------+-------++-------
  Melee: Trident           |    91 |   127 |   358 |   405 |  1274 |  1156 |       ||  3411
         Headbutt          |     8 |    11 |    30 |   131 |   388 |   373 |    46 ||   987
         Spear             |       |       |       |   198 |    78 |    13 |       ||   289
         Trishula          |       |       |       |       |       |   327 |   123 ||   450
  Throw: Boomerang         |       |       |    91 |     9 |    93 |   468 |    14 ||   675
         Javelin           |       |       |    18 |    78 |     8 |    19 |       ||   123
         Throwing net      |       |       |       |     3 |       |     2 |       ||     5
         Dart              |       |       |       |       |     5 |     3 |       ||     8
 Invoke: Renounce Religion |       |     1 |       |       |       |       |       ||     1
         Divine Shield     |       |       |       |     5 |    14 |    14 |     1 ||    34
         Cleansing Flame   |       |       |       |       |     4 |     1 |     1 ||     6
         Summon Divine War |       |       |       |       |     3 |     4 |     1 ||     8
         Brand Weapon With |       |       |       |       |       |     1 |       ||     1
  Evoke: Wand              |       |       |     9 |       |     2 |       |       ||    11
         Sack of spiders   |       |       |       |       |     1 |     1 |       ||     2
    Use: Potion            |       |     3 |     3 |     4 |     6 |     4 |     1 ||    21
         Scroll            |       |     1 |    16 |    13 |    14 |     8 |     1 ||    53
 Armour: Scale mail        |    47 |    59 |   229 |       |       |       |       ||   335
         Chain mail        |       |       |   104 |     5 |       |       |       ||   109
         Plate armour      |       |       |       |   343 |   660 |   907 |    50 ||  1960
  Dodge: Dodged            |    31 |    26 |   148 |    97 |   228 |   373 |    26 ||   929
  Block: Buckler           |     7 |    12 |    73 |     3 |       |       |       ||    95
         Kite shield       |       |       |       |   282 |   720 |   924 |    79 ||  2005
         Reflection        |       |       |       |       |       |    23 |    16 ||    39
